 Dungeon Crawl Stone Soup version 0.22.1-1-ga44c0e5 (webtiles) character file.

1232 Tarasboulda the Destroyer (level 8, -10/41 HPs)
             Began as a Deep Elf Conjurer on Sept 24, 2018.
             Shot with an arrow by a centaur (14 damage)
             ... on level 6 of the Dungeon.
             The game lasted 00:26:06 (6987 turns).

Tarasboulda the Destroyer (Deep Elf Conjurer)       Turns: 6987, Time: 00:26:06

Health: -10/41     AC:  2    Str:  5    XL:     8   Next: 24%
Magic:  21/22      EV: 13    Int: 23    God:
Gold:   233        SH:  0    Dex: 15    Spells: 6/23 levels left

rFire    . . .     SeeInvis .   (no weapon)
rCold    . . .     Gourm    .   (no shield)
rNeg     . . .     Faith    .   a - +0 robe
rPois    .         Spirit   .   (no helmet)
rElec    .         Reflect  .   (no cloak)
rCorr    .         Harm     .   (no gloves)
MR       .....                  (no boots)
Stlth    ++........             (no amulet)
HPRegen  0.13/turn              (no ring)
MPRegen  0.18/turn              (no ring)

@: very slightly contaminated
A: no striking features
a: no special abilities


You were on level 6 of the Dungeon.
You were hungry.

You visited 1 branch of the dungeon, and saw 6 of its levels.
You also visited: Sewer.

You collected 233 gold pieces.

Inventory:

Armour
 a - a +0 robe (worn)
Jewellery
 n - an uncursed ring of protection from fire {unknown}
 t - a +1 ring of protection {unknown}
Wands
 m - a wand of polymorph (10)
 s - a wand of acid (5)
Scrolls
 g - a scroll of fog
 i - 2 scrolls of immolation
 l - a scroll of teleportation
 p - a scroll of random uselessness {unknown}
 q - a scroll of enchant armour {unknown}
 r - a scroll of torment {unknown}
Potions
 b - 3 potions of flight {unknown}
 d - a potion of degeneration {unknown}
 e - 2 potions of curing
 f - 2 potions of berserk rage {unknown}
 h - 2 potions of cancellation
 j - 3 potions of might {unknown}
 k - 3 potions of heal wounds
 u - a potion of mutation {unknown}
Comestibles
 c - 9 rations


   Skills:
 - Level 2.4 Dodging
 - Level 2.4 Stealth
 + Level 8.0 Spellcasting
 * Level 9.9 Conjurations


You had 6 spell levels left.
You knew the following spells:

 Your Spells              Type           Power        Failure   Level  Hunger
a - Magic Dart            Conj           ####         1%          1    None
b - Searing Ray           Conj           ######       1%          2    None
c - Force Lance           Conj/Tloc      ####....     9%          4    ###....
d - Fulminant Prism       Conj/Hex       ####......   9%          4    ###....
e - Conjure Flame         Conj/Fire      ####....     2%          3    None
f - Mephitic Cloud        Conj/Pois/Air  ###.....     5%          3    None

Your spell library contained the following spells:

 Spells                   Type           Power        Failure   Level  Hunger
 Iskenderun's Mystic Bla  Conj           ######..     1%          4    ###....
 Dazzling Spray           Conj/Hex       ####..       2%          3    None
 Summon Small Mammal      Summ           #...         7%          1    None
 Blink                    Tloc           N/A          11%         2    None
 Call Imp                 Summ           #.......     11%         2    None
 Slow                     Hex            #.......     11%         2    None
 Call Canine Familiar     Summ           #.......     21%         3    None
 Summon Guardian Golem    Hex/Summ       #.......     21%         3    None
 Summon Ice Beast         Ice/Summ       #.......     56%         4    ###....
 Summon Lightning Spire   Summ/Air       #.......     56%         4    ###....


Dungeon Overview and Level Annotations

Branches:
Dungeon (6/15)
 Temple: D:4-7

Altars:
Elyvilon
Gozag
Makhleb
The Shining One

Annotations:
D:5 Edmund


Message History

The centaur shoots an arrow.
The arrow hits you!
The searing ray hits the centaur.
The centaur is heavily wounded.
The centaur shoots an arrow.
The arrow hits you!
* * * LOW HITPOINT WARNING * * *
You feel much better.
The centaur shoots an arrow.
The arrow hits you!
* * * LOW HITPOINT WARNING * * *
The centaur shoots an arrow.
The arrow barely misses you.
Okay, then.
Blink to where?
Press: ? - help, Dir - move target cursor, p - centaur You are very lightly contaminated with residual magic.
As you read the scroll of blinking, it crumbles to dust.
Casting: Searing Ray (safe; 1% risk of failure)
Confirm with . or Enter, or press ? or * to list all spells.
Okay, then.
The centaur shoots an arrow.
The arrow hits you!
* * * LOW HITPOINT WARNING * * *
The centaur shoots an arrow.
The arrow hits you!
You die...

######.........ยง.c.###
#..##.#.#####.......
#...##.#..........###
#..###.#######.##.# #.
#..# #.#c#####.# .# #.#
#..#
#..#......#.....######.#
#..# #.###.........
......#.# #..##.##
##.##.#.. ......# ..#
##@# #...# .##
#......... #.... #
#.###.##### #.... #.. .#
###.# ..# # #.# #.#
######.# #. ......... #
#######.# #.#


You could see a centaur.

Vanquished Creatures
  A phantom (D:5)
  3 ogres
  A necrophage (D:5)
  A big kobold (Sewer)
  2 scorpions (D:4)
  2 crimson imps (D:4)
  3 hounds
  2 iguanas
  Jessica (D:2)
  4 worker ants
  An ogre zombie (D:5)
  A hound skeleton (D:5)
  3 gnolls (D:4)
  A gnoll zombie (D:5)
  9 adders
  A river rat (Sewer)
  An ooze (D:3)
  An adder skeleton (D:5)
  2 worms
  3 dart slugs
  8 leopard geckos
  4 orcs (D:5)
  5 bats
  3 giant cockroaches
  7 goblins
  5 hobgoblins
  14 jackals
  5 quokkas
  2 ball pythons
  4 frilled lizards
  2 goblin skeletons (D:4)
  2 hobgoblin zombies (D:4)
  A jackal skeleton (D:4)
  11 kobolds
  2 kobold skeletons (D:4)
  A leopard gecko skeleton (D:6)
  A leopard gecko zombie (D:6)
  4 orc zombies
  A quokka skeleton (D:4)
  14 rats
139 creatures vanquished.

Vanquished Creatures (others)
  A ball python (D:3)
  2 fulminant prisms (D:5)
3 creatures vanquished.

Grand Total: 142 creatures vanquished

Notes
Turn   | Place    | Note
-------+----------+-------------------------------------------
     0 | D:1      | Tarasboulda the Deep Elf Conjurer began the quest for the
                  | Orb.
     0 | D:1      | Reached XP level 1. HP: 10/10 MP: 6/6
   259 | D:1      | Reached XP level 2. HP: 15/15 MP: 6/8
   263 | D:1      | Learned a level 2 spell: Searing Ray
   856 | D:2      | Reached skill level 5 in Conjurations
   962 | D:2      | Noticed Jessica
   967 | D:2      | Killed Jessica
   967 | D:2      | Reached XP level 3. HP: 17/19 MP: 2/10
  1133 | D:2      | Reached XP level 4. HP: 24/24 MP: 1/12
  1568 | D:2      | Found an opulent altar of Gozag.
  1652 | D:2      | Reached skill level 6 in Conjurations
  1902 | D:3      | Found a glowing drain.
  1973 | Sewer    | Entered a sewer
  2044 | Sewer    | Noticed a big kobold
  2149 | Sewer    | Killed a big kobold
  2149 | Sewer    | Reached skill level 5 in Spellcasting
  2149 | Sewer    | Reached XP level 5. HP: 28/28 MP: 4/14
  2235 | Sewer    | Found a white marble altar of Elyvilon.
  2885 | D:3      | Found a white marble altar of Elyvilon.
  3077 | D:4      | Found a glowing golden altar of the Shining One.
  3093 | D:4      | Reached skill level 7 in Conjurations
  3093 | D:4      | Reached XP level 6. HP: 32/32 MP: 6/16
  3992 | D:4      | Reached skill level 8 in Conjurations
  3992 | D:4      | Reached XP level 7. HP: 15/36 MP: 9/18
  4833 | D:5      | Entered Level 5 of the Dungeon
  4891 | D:5      | Found a burning altar of Makhleb.
  5057 | D:5      | Found a transporter.
  5313 | D:5      | Reached skill level 9 in Conjurations
  5341 | D:5      | Noticed Edmund
  5407 | D:5      | Learned a level 4 spell: Force Lance
  5412 | D:5      | Learned a level 4 spell: Fulminant Prism
  5416 | D:5      | Learned a level 3 spell: Conjure Flame
  5420 | D:5      | Learned a level 3 spell: Mephitic Cloud
  5467 | D:5      | Found a transporter.
  6116 | D:5      | Reached XP level 8. HP: 23/41 MP: 12/21
  6987 | D:6      | Shot with an arrow by a centaur

Skill      XL: |  1  2  3  4  5  6  7  8 |
---------------+-------------------------+-----
Conjurations   | 5 6 7 8 9 |  9.9
Spellcasting   | 4 5 6 7 8 |  8.0
Dodging        | |  2.4
Stealth        | |  2.4

Action                   |  1- 3 |  4- 6 |  7- 9 || total
-------------------------+-------+-------+-------++-------
Melee: Unarmed           |       |     1 |       ||     1
 Cast: Magic Dart        |    35 |    92 |    34 ||   161
       Searing Ray       |     9 |    34 |    33 ||    76
       Force Lance       |       |       |     6 ||     6
       Fulminant Prism   |       |       |     2 ||     2
  Use: Scroll            |     1 |     6 |     4 ||    11
       Potion            |       |       |     2 ||     2
  Eat: Chunk             |       |     9 |     3 ||    12
       Ration            |       |       |     2 ||     2
Armor: Robe              |     1 |    10 |     2 ||    13
Dodge: Dodged            |     4 |    26 |    22 ||    52
